AoeStats
← DEMLOUDBOYZ

Coastal Forest

511094667Analyzed
4v4 RM · 6h ago on Oct 3, 2026· 40m 39s· 8 players
Game mode
Random Map
Map size
Large (8 player)
Population
200
Speed
Normal
Resources
Standard
Victory
Conquest
Starting age
Dark Age
Ending age
Imperial Age
RankedLock teamsTeams togetherTeam positionsShared explorationLock speedFull tech treeHidden civsTurbo modeCheats
Victory
Defeat
🇸🇪 Huns · Sweden
1440
+16
🇺🇸 Chinese · United States
1391
+18
🇺🇸 Muisca · United States
1372
+19
🇹🇷 Turks · Türkiye
1368
+19
🇫🇷 Vietnamese · France
1587
-23
🇫🇷 Tatars · France
1438
-18
🇫🇷 Byzantines · France
1379
-16
🇫🇷 Saxons · France
1362
-15
DEMLOUDBOYZ
0:27 Loom
10:29 Feudal Age
14:42 Castle Age
13:19 Double-Bit Axe
13:38 Fishing Lines
13:54 Horse Collar
16:52 Bow Saw
19:07 Husbandry
21:32 Scale Barding Armor
24:33 Bloodlines
26:02 Chain Barding Armor
26:24 Forging
29:02 Iron Casting
29:11 Wheelbarrow
28:39 Heavy Plow
30:18 Gold Mining
30:23 Stone Mining
33:59 Imperial Age
32:08 Stone Shaft Mining
32:12 Gold Shaft Mining
32:38 Ballistics
34:40 Fervor
34:30 Cavalier
35:50 Plate Barding Armor
35:03 Light Cavalry
38:12 Blast Furnace
39:41 Chemistry
38:54 Masonry
38:40 Murder Holes
38:41 Fletching
40:35 Conscription
K-1000
9:22 Loom
11:28 Feudal Age
12:02 Double-Bit Axe
21:26 Castle Age
19:50 Gold Mining
19:44 Horse Collar
21:35 Fletching
21:45 Padded Archer Armor
21:52 Crossbowman
23:01 Town Watch
23:43 Heavy Plow
23:55 Bow Saw
27:06 Gold Shaft Mining
28:38 Wheelbarrow
29:30 Bodkin Arrow
29:51 Leather Archer Armor
32:16 Ballistics
32:26 Thumb Ring
33:55 Heavy Plow
35:11 Hand Cart
40:10 Imperial Age
38:01 Stone Mining
40:28 Arbalester
42:15 Chemistry
41:18 Bracer
Anatoly
8:14 Loom
10:03 Feudal Age
11:11 Double-Bit Axe
13:25 Wheelbarrow
14:21 Fletching
15:09 Padded Archer Armor
16:32 Horse Collar
17:03 Gold Mining
23:01 Castle Age
23:43 Bodkin Arrow
23:11 Crossbowman
27:37 Imperial Age
28:17 Leather Archer Armor
28:24 Ballistics
33:38 Hand Cart
37:30 Town Watch
41:30 Ring Archer Armor
EMheLP
9:53 Feudal Age
9:46 Loom
10:22 Double-Bit Axe
10:18 Horse Collar
14:38 Scale Barding Armor
16:20 Forging
16:32 Town Watch
19:00 Bloodlines
22:16 Castle Age
22:19 Light Cavalry
23:39 Iron Casting
23:48 Husbandry
24:38 Bow Saw
25:01 Heavy Plow
25:33 Gold Mining
28:43 Bloodlines
30:07 Wheelbarrow
30:20 Stone Mining
31:09 Gold Shaft Mining
30:25 Stone Mining
33:00 Chain Barding Armor
33:39 Hand Cart
38:07 Imperial Age
36:26 Fletching
37:06 Ballistics
36:57 Masonry
37:42 Bodkin Arrow
38:15 Hussar
39:36 Plate Barding Armor
40:02 Blast Furnace
39:02 Bracer
39:49 Marauders
40:44 Conscription
Balgrodor
8:43 Loom
11:17 Feudal Age
15:35 Castle Age
13:37 Double-Bit Axe
13:58 Horse Collar
16:46 Bow Saw
16:40 Heavy Plow
18:12 Fishing Lines
21:06 Fletching
21:27 Gillnets
21:57 Squires
22:49 Scale Mail Armor
24:06 Bodkin Arrow
24:23 Town Watch
25:28 Padded Archer Armor
25:29 Gold Mining
25:30 Stone Mining
27:20 Wheelbarrow
28:25 Stone Shaft Mining
30:21 Leather Archer Armor
30:54 Ballistics
36:05 Imperial Age
35:33 Hand Cart
35:51 Town Patrol
37:53 Chemistry
36:54 Bracer
37:25 Ring Archer Armor
37:05 Elite Rattan Archer
38:55 Paper Money
renardoracle12
10:26 Feudal Age
11:52 Double-Bit Axe
17:14 Castle Age
15:35 Horse Collar
16:07 Gold Mining
19:44 Forging
19:35 Scale Mail Armor
19:42 Loom
21:54 Heavy Plow
28:59 Squires
33:22 Bow Saw
38:35 Imperial Age
PurpleGirafe
10:08 Feudal Age
11:05 Double-Bit Axe
11:01 Horse Collar
11:30 Loom
13:59 Bloodlines
15:14 Scale Barding Armor
17:43 Forging
23:24 Castle Age
22:31 Wheelbarrow
27:53 Gold Mining
31:47 Bow Saw
33:08 Town Watch
Chacal90z
6:17 Loom
9:15 Feudal Age
12:50 Double-Bit Axe
13:46 Fletching
25:13 Castle Age
24:45 Gold Mining
25:48 Bodkin Arrow
25:20 Crossbowman
28:14 Wheelbarrow
Connection lost

Rejoining the realm…

Still unreachable

The connection could not be restored.

Session expired

The server has moved on; the page needs a fresh start.